 Dungeon Crawl Stone Soup version 0.29.1-15-g9cfb28693d (webtiles) character file.

Game seed: 9177616548613004021

85 Silvore the Trooper (level 4, -18/61 HPs)
             Began as a Minotaur Fighter on May 2, 2023.
             Demolished by an ogre
             ... wielding a +0 giant club
              (22 damage)
             ... on level 4 of the Dungeon.
             The game lasted 00:03:13 (2495 turns).

Silvore the Trooper (Minotaur Fighter)              Turns: 2495, Time: 00:03:14

Health: -18/61     AC: 22    Str: 22    XL:     4   Next: 25%
Magic:  3/3        EV:  2    Int:  5    God:
Gold:   186        SH:  4    Dex: 10    Spells: 3/3 levels left

rFire   . . .      SeeInvis .   a - +1 long sword
rCold   . . .      Faith    .   c - +0 buckler
rNeg    . . .      Spirit   .   (body armour currently unavailable)
rPois   +          Reflect  .   (helmet currently unavailable)
rElec   .          Harm     .   (cloak currently unavailable)
rCorr   .          Rampage  .   (gloves currently unavailable)
Will    .....      NoTele   +   (boots currently unavailable)
Stlth   +.........              (no amulet)
HPRegen 0.20/turn               (no ring)
MPRegen 0.08/turn               (no ring)

@: mighty, tree-form
A: stationary, stasis, torment immunity, boosted hp, (horns 2), (retaliatory
headbutt)
a: no special abilities


You were on level 4 of the Dungeon.
You were a tree.
You visited 1 branch of the dungeon, and saw 4 of its levels.

You collected 186 gold pieces.

Inventory:

Hand Weapons
 a - a +1 long sword (weapon)
Armour
 b - a +1 scale mail (melded)
 c - a +0 buckler (worn)
Jewellery
 j - a ring of poison resistance
Wands
 h - a wand of mindburst (13)
Potions
 e - 2 potions of mutation


   Skills:
 + Level 4.4 Fighting
 + Level 3.3 Long Blades
 + Level 4.3 Armour
 + Level 0.6 Dodging
 + Level 4.3 Shields


You had 3 spell levels left.
You didn't know any spells.
Your spell library contained the following spells:

 Spells                   Type           Power      Damage    Failure   Level
 Summon Guardian Golem    Hex/Summ       0%         N/A       90%         3
 Orb of Destruction       Conj           0%         9d5       100%        7
 Spellforged Servitor     Conj/Summ      0%         N/A       100%        7


Dungeon Overview and Level Annotations

Branches:
Dungeon (4/15)
 Temple: D:4-7

Altars:

Annotations:
D:4 Edmund


Innate Abilities, Weirdness & Mutations

You are a tree.
Your roots penetrate the ground, keeping you stationary.
You cannot be teleported.
You are immune to unholy pain and torment.
Your maximum health is greatly increased.
Your equipment is partially melded.
((You have a pair of horns on your head.))
((You reflexively headbutt those who attack you in melee.))


Message History

Edmund hits you but does no damage.
You closely miss Edmund.
Edmund is moderately wounded.
Edmund hits you with a +2 flail of holy wrath!
Edmund hits you but does no damage.
You barely miss Edmund.
Edmund is moderately wounded.
Edmund hits you but does no damage.
You barely miss Edmund.
Edmund is moderately wounded.
Edmund hits you but does no damage.
You barely miss Edmund.
Edmund is moderately wounded.
Edmund hits you but does no damage. The ogre hits you with a +0 giant club.
* * * LOW HITPOINT WARNING * * *
You hit Edmund.
Edmund is moderately wounded.
Edmund says, "People accused me of being a cutpurse!"
Edmund hits you with a +2 flail of holy wrath.
* * * LOW HITPOINT WARNING * * *
The ogre hits you with a +0 giant club!
* * * LOW HITPOINT WARNING * * *
Edmund hits you with a +2 flail of holy wrath.
* * * LOW HITPOINT WARNING * * *
You cannot move.
You cannot move.
You cannot move.
You barely miss Edmund.
Edmund is moderately wounded.
Edmund completely misses you. The ogre hits you but does no damage.
You slash Edmund!
Edmund is severely wounded.
Edmund hits you but does no damage. You block the ogre's attack.
You hit Edmund.
Edmund is severely wounded.
Edmund completely misses you.
You hit Edmund.
Edmund is severely wounded.
The ogre hits you with a +0 giant club!!
You die...

#.###.# #....([..
#.....# #.......#
#.....# #.......# .....
#....)..# ... #.[.....#
#.# #......#. ####.#####
#@O....=. #........# #♣#
#.##.###.# #.### #..#.#
#.# #.#.##
###....###.#####....####
.......................+
###...####.####.....####
#..#####.# #.##.##
###........# #.# ##
.###.####### #.#


You could see Edmund and an ogre.

Vanquished Creatures
  A gnoll (D:1)
  An adder (D:2)
  A dart slug (D:2)
  2 orcs
  6 endoplasms
  3 giant cockroaches
  6 goblins
  6 hobgoblins
  7 jackals (D:2)
  4 quokkas (D:1)
  8 ball pythons
  3 bats
  3 frilled lizards
  A kobold (D:2)
  5 rats
57 creatures vanquished.

Notes
Turn   | Place    | Note
-------+----------+-------------------------------------------
     0 | D:1      | Silvore the Minotaur Fighter began the quest for the Orb.
     0 | D:1      | Reached XP level 1. HP: 19/19 MP: 0/0
   147 | D:1      | Reached XP level 2. HP: 25/27 MP: 1/1
   529 | D:1      | Reached XP level 3. HP: 21/34 MP: 2/2
  1261 | D:2      | Reached XP level 4. HP: 37/41 MP: 3/3
  2467 | D:4      | Noticed Edmund
  2484 | D:4      | Noticed an ogre
  2491 | D:4      | HP: 3/61 [Edmund/+2 flail of holy wrath (1)]
  2495 | D:4      | Demolished by an ogre

Illustrated notes

Levels and vault maps discovered:
D:1:      lightli_iron_boxes, layout_loops_ring
D:2:      layout_rooms, dreamdust_wishing_well, grunt_ministairs_7
D:3:      layout_basic, st_stairs_6, grunt_ministairs_12
D:4:      layout_loops_corners, uniq_edmund

Skill      XL: |  1  2  3 |
---------------+----------+-----
Fighting       | 4 |  4.4
Armour         | 4 |  4.3
Shields        | 4 |  4.3
Long Blades    | 3 |  3.3
Dodging        | |  0.6

Action                   |  1- 3 |  4- 6 || total
-------------------------+-------+-------++-------
Melee: Long sword        |    83 |    52 ||   135
       Headbutt          |    12 |     4 ||    16
  Use: Scroll            |       |     4 ||     4
       Potion            |       |     4 ||     4
Armor: Scale mail        |    32 |    18 ||    50
       Skin              |       |    13 ||    13
Dodge: Dodged            |    50 |    17 ||    67
Block: Buckler           |    25 |    11 ||    36
